 Dungeon Crawl Stone Soup version 0.26-a0-665-gefeb406119 (webtiles) character file.

Game seed: 4303348753834141593

116 vortex the Firebug (level 4, -2/25 HPs)
             Began as a Deep Elf Fire Elementalist on Oct 13, 2020.
             Splashed by Ijyb's acid (15 damage)
             ... on level 3 of the Dungeon.
             The game lasted 00:06:20 (2537 turns).

vortex the Firebug (Deep Elf Fire Elementalist)     Turns: 2537, Time: 00:06:21

Health: -2/25      AC:  2    Str:  6    XL:     4   Next: 69%
Magic:  8/11       EV: 13    Int: 20    God:
Gold:   107        SH:  0    Dex: 15    Spells: 2/10 levels left

rFire    + . .     SeeInvis .   l - staff of fire
rCold    . . .     Faith    .   (no shield)
rNeg     . . .     Spirit   .   a - +0 robe
rPois    .         Reflect  .   (no helmet)
rElec    .         Harm     .   (no cloak)
rCorr    .         Rampage  .   (no gloves)
MR       .....                  (no boots)
Stlth    ++........             q - amulet of magic regeneration
HPRegen  0.08/turn              (no ring)
MPRegen  0.37/turn              (no ring)

@: very slightly contaminated
A: no striking features
a: no special abilities


You were on level 3 of the Dungeon.
You visited 1 branch of the dungeon, and saw 3 of its levels.

You collected 107 gold pieces.

Inventory:

Hand Weapons
 k - a +0 short sword
Missiles
 n - 17 poisoned darts (quivered)
Armour
 a - a +0 robe (worn)
Magical Staves
 l - an uncursed staff of fire (weapon)
Jewellery
 q - an amulet of magic regeneration (around neck)
Scrolls
 b - 4 scrolls of teleportation
 c - a scroll of fear {unknown}
 d - 2 scrolls of remove curse
 f - 3 scrolls of identify {unknown}
 h - a scroll of random uselessness {unknown}
 j - a scroll of immolation {unknown}
 m - 2 scrolls of blinking {unknown}
 o - a scroll of fog {unknown}
Potions
 e - a potion of heal wounds {unknown}
 g - a potion of resistance {unknown}
 i - a potion of curing {unknown}
 p - a potion of berserk rage {unknown}


   Skills:
 + Level 1.0 Fighting
 - Level 0.3 Short Blades
 + Level 0.4 Staves
 + Level 0.3 Throwing
 + Level 3.2 Dodging
 + Level 3.1 Stealth
 + Level 3.5 Spellcasting
 * Level 2.8 Conjurations
 + Level 3.6 Fire Magic
 + Level 0.1 Evocations


You had 2 spell levels left.
You knew the following spells:

 Your Spells              Type           Power        Failure   Level
a - Foxfire               Conj/Fire      ###.         3%          1
b - Conjure Flame         Conj/Fire      ###.....     11%         3
c - Sticky Flame          Conj/Fire      ###.....     34%         4

Your spell library contained the following spells:

 Spells                   Type           Power        Failure   Level
 Inner Flame              Hex/Fire       ###.....     19%         3
 Fireball                 Conj/Fire      ###.......   69%         5


Dungeon Overview and Level Annotations

Branches:
Dungeon (3/15)

Altars:
Qazlal
Ru

Annotations:
D:3 Ijyb


Message History

Ijyb shouts!
Casting: Foxfire (safe; 3% risk of failure)
Confirm with . or Enter, or press ? or * to list all spells.
You feel a surge of power!
You conjure some foxfire!
The hobgoblin shouts!
Casting: Foxfire (safe; 3% risk of failure)
Confirm with . or Enter, or press ? or * to list all spells.
You feel a surge of power!
You conjure some foxfire!
The foxfire hits Ijyb.
Ijyb is moderately wounded.
The foxfire hits Ijyb.
Ijyb is heavily wounded.
Ijyb zaps a wand.
The bolt of acid misses you.
Casting: Foxfire (safe; 3% risk of failure)
Confirm with . or Enter, or press ? or * to list all spells.
You feel a surge of power!
You conjure some foxfire!
Ijyb zaps a wand.
The bolt of acid misses your foxfire. The bolt of acid hits your foxfire!
Your foxfire is splashed with acid!
The bolt of acid hits you!
You are splashed with acid!
Ouch! That really hurt!
You die...

....≈.§..........
..≈≈≈........... .
##§+#≈§........... ..
≈§§≈§#≈........... ...
#§⌠.≈#.....<...... ...≈
≈§>_≈#.....#...... ...g≈
≈≈≈≈#....##......
......###≈§#≈...#.....†.
..gv§§v@§≈≈§....#......#
....v§§§v.§............#
).....§.......§........#
...).############.......
..... #..."... #...
#....... #.. #>......
#.. #######. #.


You could see Ijyb and a hobgoblin.

Vanquished Creatures
  5 adders (D:2)
  A gnoll (D:1)
  An ooze (D:3)
  2 worms
  A dart slug (D:1)
  2 leopard geckos (D:3)
  3 goblins
  6 hobgoblins
  7 jackals (D:1)
  2 quokkas (D:2)
  9 bats
  2 frilled lizards
  4 kobolds (D:1)
  3 rats
48 creatures vanquished.

Vanquished Creatures (others)
  208 foxfires
208 creatures vanquished.

Grand Total: 256 creatures vanquished

Notes
Turn   | Place    | Note
-------+----------+-------------------------------------------
     0 | D:1      | vortex the Deep Elf Fire Elementalist began the quest for
                  | the Orb.
     0 | D:1      | Reached XP level 1. HP: 10/10 MP: 6/6
   180 | D:1      | Reached XP level 2. HP: 15/15 MP: 1/8
   452 | D:1      | Reached XP level 3. HP: 20/20 MP: 5/9
  1530 | D:2      | Learned a level 3 spell: Conjure Flame
  1539 | D:2      | Reached XP level 4. HP: 24/24 MP: 4/11
  1846 | D:2      | Reached skill level 1 in Fighting
  2265 | D:2      | Found a sacrificial altar of Ru.
  2300 | D:2      | Learned a level 4 spell: Sticky Flame
  2526 | D:3      | Found a stormy altar of Qazlal.
  2533 | D:3      | Noticed Ijyb
  2537 | D:3      | Splashed by Ijyb's acid

Illustrated notes

Levels and vault maps discovered:
D:1:      dpeg_arrival_connections, layout_basic
D:2:      layout_basic, nicolae_ru_path_of_blood
D:3:      layout_basic, kennysheep_flooded_box,
          nicolae_qazlal_general_emergency, uniq_ijyb, uniq_crazy_yiuf_cottage

Skill      XL: |  1  2  3  4 |
---------------+-------------+-----
Conjurations   | 2 |  2.8
Dodging        | 3 |  3.2
Stealth        | 3 |  3.1
Fighting       | 1 |  1.0
Short Blades   | |  0.3
Staves         | |  0.4
Throwing       | |  0.3
Spellcasting   | |  3.5
Fire Magic     | |  3.6
Evocations     | |  0.1

Action                   |  1- 3 |  4- 6 || total
-------------------------+-------+-------++-------
Melee: Dagger            |     4 |       ||     4
       Staff             |       |     5 ||     5
 Cast: Foxfire           |    78 |    52 ||   130
  Use: Scroll            |       |     2 ||     2
Armor: Robe              |     3 |     2 ||     5
Dodge: Dodged            |    12 |     6 ||    18

Table legend: (Time is in decaauts)
 A = Elapsed time spent in this place.
 B = Non-inter-level travel time spent in this place.
 C = Inter-level travel time spent in this place.
 D = Time resting spent in this place.
 E = Time spent auto-exploring this place.
 F = Levels seen in this place.
 G = Mean time per level.
                   A        B        C        D        E       F      G
               +--------+--------+--------+--------+--------+-----+--------+
         Total |   2534 |   2491 |     43 |      0 |   2210 |   3 |  844.7 |
       Dungeon |   2534 |   2491 |     43 |      0 |   2210 |   3 |  844.7 |
               +--------+--------+--------+--------+--------+-----+--------+

Top non-repeatable levels by time:
     D:1: 1277 daAuts
     D:2: 1020 daAuts
     D:3: 235 daAuts
